 Dungeon Crawl Stone Soup version 0.29.1-1-gd02db6906a (webtiles) character file.

Game seed: 17738966704696106535

33289 EvilAshe the Carver (level 14, -11/104 HPs)
             Began as a Human Fighter on Sept 20, 2022.
             Was a High Priest of Hepliaklqana.
             Killed from afar by a bog body (36 damage)
             ... with a bolt of cold
             ... on level 3 of the Lair of Beasts on Sept 21, 2022.
             The game lasted 00:52:22 (18963 turns).

EvilAshe the Carver (Human Fighter)                Turns: 18963, Time: 00:52:22

Health: -11/104    AC: 28    Str: 24    XL:     14   Next: 7%
Magic:  19/19      EV:  8    Int: 10    God:    Hepliaklqana [*****.]
Gold:   956        SH:  5    Dex: 19    Spells: 13/13 levels left

rFire   . . .      SeeInvis .   a - +2 demon blade (drain)
rCold   . . .      Faith    .   c - +0 buckler
rNeg    . . .      Spirit   .   D - +4 chain mail of Fortification {Str+4}
rPois   .          Reflect  .   p - +1 helmet
rElec   .          Harm     .   G - +1 cloak
rCorr   .          Rampage  .   Y - +0 pair of gloves
Will    +....                   Q - +0 pair of boots
Stlth   ..........              R - amulet of magic regeneration
HPRegen 0.27/turn               l - +4 ring of protection
MPRegen 0.56/turn               t - +6 ring of dexterity

@: slowed, very slow
A: reduced essence
a: Renounce Religion, Recall Ancestor, Ancestor Identity, Transference, Idealise


You were on level 3 of the Lair of Beasts.
You worshipped Hepliaklqana.
Hepliaklqana was extremely pleased with you.
You visited 2 branches of the dungeon, and saw 18 of its levels.
You also visited: Ossuary.

You collected 1023 gold pieces.
You spent 67 gold pieces at shops.

Inventory:

Hand Weapons
 a - a +2 demon blade of draining (weapon)
 b - a +0 falchion of flaming
Missiles
 j - 2 boomerangs (quivered)
 o - 29 poisoned darts
 K - 3 curare-tipped darts
 O - a throwing net
 X - 4 silver boomerangs
Armour
 c - a +0 buckler (worn)
 k - a +0 plate armour
 p - a +1 helmet (worn)
 D - the +4 chain mail of Fortification (worn) {Str+4}
   (You found it on level 10 of the Dungeon)

   Str:       It affects your strength (+4).
 G - a +1 cloak (worn)
 Q - a +0 pair of boots (worn)
 Y - a +0 pair of gloves (worn)
Jewellery
 f - a ring of fire
 l - a +4 ring of protection (left hand)
 t - a +6 ring of dexterity (right hand)
 z - a ring of see invisible
 F - a ring of flight
 J - the ring of the Raven {rN+ Will+ Dex+6 Slay-3}
   (You found it on level 9 of the Dungeon)

   [ring of dexterity]

   Dex:       It affects your dexterity (+6).
   Slay:      It affects your accuracy & damage with ranged weapons and melee
   (-3).
   rN:        It protects you from negative energy.
   Will:      It increases your willpower.
 R - an amulet of magic regeneration (around neck)
Wands
 y - a wand of mindburst (3)
 M - a wand of digging (6)
 P - a wand of roots (10)
 T - a wand of quicksilver (13)
 W - a wand of paralysis (4)
Scrolls
 h - 6 scrolls of identify
 i - a scroll of silence
 m - a scroll of butterflies
 n - 2 scrolls of enchant armour
 q - 3 scrolls of teleportation
 u - a scroll of torment {unknown}
 C - 5 scrolls of magic mapping
 I - a scroll of blinking
 L - a scroll of fear
 V - a scroll of summoning
 Z - a scroll of enchant weapon
Potions
 d - a potion of attraction
 e - 3 potions of invisibility
 g - 3 potions of might
 r - 7 potions of curing
 s - 6 potions of flight
 v - 7 potions of mutation
 w - a potion of resistance
 x - 5 potions of heal wounds
 A - 3 potions of brilliance
 E - 5 potions of lignification
 H - 2 potions of cancellation
 N - 2 potions of magic
 S - 2 potions of haste


   Skills:
 * Level 12.8 Fighting
 - Level 14.0 Long Blades
 * Level 12.8 Armour
 - Level 3.0 Shields
 + Level 6.8 Invocations


You had 13 spell levels left.
You didn't know any spells.
Your spell library contained the following spells:

 Spells                   Type           Power      Damage    Failure   Level
 Call Canine Familiar     Summ           0%         N/A       100%        3
 Portal Projectile        Hex/Tloc       0%         N/A       100%        3
 Leda's Liquefaction      Hex/Erth       0%         N/A       100%        4
 Iskenderun's Battlesphe  Conj           0%         2d6       100%        5
 Summon Forest            Summ/Tloc      0%         N/A       100%        5
 Summon Mana Viper        Hex/Summ       0%         N/A       100%        5
 Iron Shot                Conj/Erth      0%         9d1       100%        6
 Summon Cactus Giant      Summ           0%         N/A       100%        6
 Spellforged Servitor     Conj/Summ      0%         N/A       100%        7


Dungeon Overview and Level Annotations

Branches:
Dungeon (13/15)            Temple (0/1) D:5            Lair (5/5) D:11
 Spider (0/4) Lair:3        Slime (0/5) Lair:4          Orc (0/2) D:11
Ossuary (visited)
  Swamp: Lair:2-3    Shoals: Lair:2-3    Vaults: D:13-14

Altars:
Ashenzari
Dithmenos
Elyvilon
Fedhas
Hepliaklqana
Makhleb
Ru
Sif Muna
Uskayaw
Vehumet
Xom
Yredelemnul
The Shining One
Jiyva

Shops:
D:3 *   D:10 [

Annotations:
D:8 2 runed translucent doors


Message History

A bog body comes into view.
You see here an electric eel corpse.
An electric eel comes into view.
Found 14 gold pieces.
Paullus points at the bog body and mumbles some strange words.
The bog body resists with some effort.
The electric eel shoots out a bolt of lightning at you!
The bolt of electricity hits you.
The bog body touches you but does no damage.
You slash the bog body!
The bog body is heavily damaged.
The bog body gestures at you while chanting.
The bolt of cold hits you!!
The electric eel shoots out a bolt of lightning at you!
The bolt of electricity hits you!
The bolt of electricity hits Paullus!
You closely miss the bog body.
The bog body is heavily damaged.
The bog body attacks as you move away!
The bog body touches you but does no damage.
The electric eel shoots out a bolt of lightning at you!
The bolt of electricity hits you but does no damage.
The bog body gestures at you while chanting.
You feel yourself slow down.
Paullus casts a spell at the electric eel.
The electric eel seems to slow down.
You see here an electric eel corpse.
Paullus gestures at the electric eel while chanting.
The electric eel seems to slow down.
The electric eel shoots out a bolt of lightning at you!
The bolt of electricity hits Paullus.
The bolt of electricity hits you!
The electric eel shoots out a bolt of lightning at you!
The bolt of electricity hits Paullus!
The bolt of electricity hits you.
Paullus hits the electric eel with a +0 dagger of draining.
The bog body gestures at you while chanting.
The bolt of cold hits you!!!
* * * LOW HITPOINT WARNING * * *
Paullus closely misses the bog body.
The bog body points at you and mumbles some strange words.
The bolt of cold hits you!!!
You die...

# #..#.## #.... ##....## ####.
#..#...# #. ###......### #P .
#....R⌠⌠...## ## ##.#.
#.#.n♣..♣...# #
...#.######....♣..♣..### #
#............♣♣.n♣♣.#R# #
#.........@..♣~♣R~♣..## #
#...P....#...♣≈..≈♣.## ##
#.........>#.♣~†♣~♣.#### #.
#..#P......#.♣≈..≈♣....# #
##........#.#♣♣S.♣♣♣♣...# #
######...[..<..#.♣♣♣~..~♣♣...####
#.##.††.......?...♣♣~.♣~♣♣...#.##
.............#.P..♣♣~..~♣♣..#..##
..................♣♣~.♣ ♣♣...#..#


You could see the friendly Paullus the hexer and a bog body (ally target).

Vanquished Creatures
  4 hydras
  4 two-headed ogres
  2 death yaks
  A fire crab (Lair:4)
  An ugly thing (D:11)
  2 elephants (Lair:4)
  3 black mambas
  8 cane toads
  A gargoyle (D:12)
  A kobold demonologist (D:13)
  A rime drake (Lair:4)
  6 komodo dragons
  2 trolls (D:10)
  A meliai (Lair:3)
  Grinder (D:3)
  7 blink frogs
  2 dream sheep (Lair:1)
  Sigmund (D:3)
  2 shadows
  3 wyverns
  3 basilisks
  2 vampires
  8 yaks
  5 vampire mosquitoes
  An acid dragon (D:11)
  2 swamp worms (Lair:3)
  10 water moccasins
  2 ice beasts
  3 orc warriors
  2 sky beasts (D:7)
  2 black bears
  14 wolves
  An ogre (D:5)
  A phantom (D:11)
  3 centaurs
  A kobold brigand (D:7)
  5 bullfrogs
  A necrophage (D:6)
  11 scorpions
  A troll zombie (D:11)
  11 killer bees
  An electric eel (Lair:3)
  6 howler monkeys
  A crimson imp (D:8)
  A centaur zombie (Ossuary)
  3 hounds
  2 human zombies (Ossuary)
  8 jellies (Lair:4)
  A gnoll bouda (D:9)
  2 orc priests
  2 iguanas
  An orc wizard (D:10)
  Terence (D:3)
  5 scorpion zombies (Ossuary)
  4 ogre zombies (D:11)
  3 mummies (Ossuary)
  Robin (D:2)
  A gnoll (D:9)
  8 adders
  2 white imps
  A worm (D:3)
  22 orcs
  3 ball pythons
  5 endoplasms
  4 giant cockroaches
  17 goblins
  9 hobgoblins
  6 jackals
  8 kobolds
  4 quokkas
  6 bats
  3 frilled lizards
  2 gnoll zombies (Ossuary)
  3 goblin skeletons (D:11)
  4 goblin zombies
  2 hobgoblin skeletons (D:11)
  A hobgoblin zombie (D:11)
  2 kobold zombies (Ossuary)
  13 orc zombies
  4 rats
314 creatures vanquished.

Vanquished Creatures (collateral kills)
  2 death yaks (Lair:2)
  Amaemon (Lair:2)
  3 elephants (Lair:4)
  An orange demon (Lair:2)
  A torpor snail (Lair:1)
  2 cane toads
  2 komodo dragons
  Prince Ribbit (D:6)
  A blink frog (Lair:2)
  2 dream sheep (Lair:1)
  A shadow (D:11)
  A wyvern (D:10)
  4 yaks
  A basilisk (D:11)
  2 water moccasins (Lair:4)
  An ice beast (D:8)
  5 wolves
  A kobold brigand (D:9)
  5 bullfrogs
  A scorpion (D:10)
  5 killer bees
  3 jellies (Lair:4)
  An orc priest (D:11)
  An iguana (D:11)
  An ogre zombie (D:11)
  2 gnolls (D:9)
  6 orcs
  3 kobolds (D:7)
  2 orc zombies (D:11)
62 creatures vanquished.

Vanquished Creatures (others)
  12 hexers
  An ancestor (D:6)
  A quokka (D:7)
  21 fungi
  35 plants
70 creatures vanquished.

Grand Total: 446 creatures vanquished

Notes
Turn   | Place    | Note
-------+----------+-------------------------------------------
     0 | D:1      | EvilAshe the Human Fighter began the quest for the Orb.
     0 | D:1      | Reached XP level 1. HP: 18/18 MP: 1/1
   484 | D:1      | Reached XP level 2. HP: 24/24 MP: 2/2
   499 | D:1      | Found a faded altar of an unknown god.
  1146 | D:2      | Reached skill level 3 in Long Blades
  1146 | D:2      | Reached XP level 3. HP: 11/29 MP: 3/3
  1826 | D:2      | Reached skill level 4 in Long Blades
  1826 | D:2      | Reached XP level 4. HP: 35/35 MP: 4/4
  2602 | D:3      | Noticed Robin
  2718 | D:2      | Killed Robin
  2899 | D:3      | Reached XP level 5. HP: 37/41 MP: 5/5
  3019 | D:3      | Found a shadowy altar of Dithmenos.
  3026 | D:3      | Found Utilla's Assorted Antiques.
  3112 | D:3      | Noticed Grinder
  3128 | D:3      | Paralysed by Grinder for 2 turns
  3129 | D:3      | Identified the +10 falchion of the Brambles {pain, rF+}
  3130 | D:3      | Killed Grinder
  3131 | D:3      | Reached skill level 6 in Long Blades
  3131 | D:3      | Reached XP level 6. HP: 12/47 MP: 6/6
  3781 | D:3      | Found a radiant altar of Vehumet.
  3795 | D:3      | Noticed Sigmund
  3805 | D:3      | Killed Sigmund
  3806 | D:3      | Reached skill level 7 in Long Blades
  3806 | D:3      | Reached XP level 7. HP: 42/52 MP: 7/7
  4059 | D:3      | Noticed Terence
  4065 | D:3      | Killed Terence
  4362 | D:4      | Found a broken altar of Ashenzari.
  4364 | D:4      | Identified the +3 ring mail of the Orb Guardian {rC+ Int+5}
  4432 | D:4      | Found a hazy altar of Hepliaklqana.
  4529 | D:4      | Reached skill level 8 in Long Blades
  4540 | D:4      | Became a worshipper of Hepliaklqana the Forgotten
  4593 | D:5      | Entered Level 5 of the Dungeon
  4788 | D:4      | Found a sacrificial altar of Ru.
  4822 | D:4      | Found a shimmering blue altar of Sif Muna.
  5215 | D:5      | Reached XP level 8. HP: 58/58 MP: 8/8
  5265 | D:6      | Reached skill level 9 in Long Blades
  5279 | D:6      | Found a sand-covered staircase.
  5284 | Ossuary  | Entered an ossuary
  5524 | Ossuary  | Reached skill level 10 in Long Blades
  5567 | Ossuary  | Reached XP level 9. HP: 58/63 MP: 9/9
  5772 | Ossuary  | Reached skill level 11 in Long Blades
  6091 | D:5      | Found a hide-covered altar of Uskayaw.
  6201 | D:5      | Reached * piety under Hepliaklqana
  6230 | D:5      | Found a staircase to the Ecumenical Temple.
  6988 | D:6      | Found a blossoming altar of Fedhas.
  7211 | D:7      | Found a glowing golden altar of the Shining One.
  7296 | D:6      | Reached skill level 12 in Long Blades
  7314 | D:6      | Found a basalt altar of Yredelemnul.
  7341 | D:6      | Noticed Prince Ribbit
  7346 | D:6      | Killed Prince Ribbit
  7913 | D:7      | Found a white marble altar of Elyvilon.
  8070 | D:7      | Reached XP level 10. HP: 63/63 MP: 10/10
  8114 | D:7      | Reached ** piety under Hepliaklqana
  8115 | D:7      | Remembered your ancestor Paullus as a hexer
  8808 | D:8      | Reached skill level 13 in Long Blades
  9011 | D:8      | Identified the +1 robe of Omiot {rElec Int-5 Dex+6}
  9011 | D:8      | Noticed a kobold demonologist
  9014 | D:8      | Noticed a two-headed ogre
  9024 | D:8      | Killed a two-headed ogre
  9164 | D:8      | Found a burning altar of Makhleb.
  9199 | D:8      | Found a large runed translucent door.
  9199 | D:8      | Found a large runed translucent door.
  9201 | D:8      | Found a shimmering altar of Xom.
  9201 | D:8      | Noticed a red ugly thing
  9563 | D:10     | Entered Level 10 of the Dungeon
  9571 | D:10     | Identified the +4 chain mail of Fortification {Str+4}
  9940 | D:9      | Identified the ring of the Raven {rN+ Will+ Dex+6 Slay-3}
  9948 | D:9      | Noticed a two-headed ogre
  9962 | D:9      | Killed a two-headed ogre
  9963 | D:9      | Reached skill level 5 in Fighting
  9963 | D:9      | Reached skill level 5 in Armour
 10070 | D:9      | Reached *** piety under Hepliaklqana
 10631 | D:10     | Reached skill level 14 in Long Blades
 10755 | D:10     | Reached XP level 11. HP: 64/72 MP: 11/11
 10850 | D:10     | Noticed a two-headed ogre
 10878 | D:10     | Killed a two-headed ogre
 11248 | D:10     | Identified the +1 robe of Daisies {rF+ Int+4}
 11367 | D:10     | Found Ymaoz's Armour Shoppe.
 11367 | D:10     | Noticed a two-headed ogre
 11463 | D:10     | Killed a two-headed ogre
 11521 | D:10     | Bought a +0 pair of boots for 67 gold pieces
 11703 | D:11     | Found a staircase to the Lair.
 11798 | D:11     | Found a staircase to the Orcish Mines.
 12108 | D:11     | Noticed an eight-headed hydra
 12113 | D:11     | Killed a four-headed hydra
 12200 | D:11     | Noticed a five-headed hydra
 12213 | D:11     | Killed a one-headed hydra
 12536 | D:11     | Reached XP level 12. HP: 68/85 MP: 12/12
 12658 | D:11     | Reached **** piety under Hepliaklqana
 13276 | D:13     | Found a radiant altar of Vehumet.
 13278 | D:13     | Noticed a boulder beetle
 13324 | D:12     | Noticed a boulder beetle
 13335 | D:12     | Reached skill level 1 in Invocations
 13465 | Lair:1   | Entered Level 1 of the Lair of Beasts
 13615 | Lair:1   | Reached skill level 10 in Fighting
 13623 | Lair:1   | Reached skill level 10 in Armour
 14055 | Lair:2   | Reached ***** piety under Hepliaklqana
 14081 | Lair:1   | Identified the +6 dagger "Pehaol" {vorpal, rN+ Str+3}
 14561 | Lair:2   | Noticed a six-headed hydra
 14572 | Lair:2   | Killed a one-headed hydra
 14871 | Lair:2   | Noticed Amaemon
 14879 | Lair:2   | Killed Amaemon
 14885 | Lair:2   | Reached XP level 13. HP: 36/94 MP: 16/16
 15860 | Lair:3   | You fall into a shaft and drop 1 floor!
 15865 | Lair:4   | Found a staircase to the Slime Pits.
 15914 | Lair:4   | Reached skill level 5 in Invocations
 16203 | Lair:4   | Found a viscous altar of Jiyva.
 16708 | Lair:4   | Identified a scroll of acquirement
 16710 | Lair:4   | Acquired a +0 demon blade of draining
 16857 | Lair:4   | Noticed a six-headed hydra
 16874 | Lair:4   | Killed a three-headed hydra
 17007 | Lair:5   | Entered Level 5 of the Lair of Beasts
 18401 | Lair:3   | Found a hole to the Spider Nest.
 18517 | Lair:3   | Reached XP level 14. HP: 80/104 MP: 17/19
 18963 | Lair:3   | Killed from afar by a bog body

Illustrated notes

Levels and vault maps discovered:
D:1:      mainiacjoe_arrival_reflecting_pool, layout_basic,
          shapermc_ecumenical_altar_mp_highgroup
D:2:      layout_basic
D:3:      minmay_general_purpose_star, layout_basic, old_standard_altar,
          nicolae_dithmenos_shadow_blocks, serial_shops,
          nicolae_shop_temple_entry_statues_fountains, minmay_quantized,
          uniq_grinder, uniq_sigmund, uniq_robin, uniq_terence
D:4:      layout_basic, mainiacjoe_overflow_small_starburst,
          lemuel_crystal_altar, grunt_temple_overflow_open
D:5:      layout_basic, mainiacjoe_overflow_concentric_impassable,
          minmay_temple_entry_ruins
D:6:      layout_loops_ring, fedhas_ov_isle_minmay, mainiacjoe_overflow_catwalk,
          enter_ossuary_2, uniq_prince_ribbit1
D:7:      layout_loops_ring, elyvilon_altar_4, kennysheep_mini_moat
D:8:      due_chaos_kobolds, layout_rooms, makhleb_grotto_becter
D:9:      layout_stronghold, minmay_between
D:10:     layout_loops_ring, kennysheep_windowed_goal
D:11:     layout_loops_ring, minmay_lair_entry_grove, zombieorc1_lemuel
D:12:     layout_rooms, uniq_fannar
D:13:     layout_basic, vehumet_altar_wand_db, uniq_maurice
Lair:1:   layout_gridlike
Lair:2:   layout_cave_shapes, uniq_amaemon
Lair:3:   layout_loops_ring, nicolae_swamp_entry_splash_gauntlet,
          hellmonk_spider_entry_not_the_bees, serial_bayou_shore_b
Lair:4:   layout_loops_ring, minmay_slime_entry_jelly_boxes
Lair:5:   wormcave, layout_cave_pods, hangedman_lair_in_review, st_stairs_10,
          lemuel_oklob_altar, infiniplex_staircase_pool_2, uniq_rupert,
          uniq_urug

Skill      XL: |  1  2  3  4  5  6  7  8  9 10 11 12 13 |
---------------+----------------------------------------+-----
Long Blades    | 3 4 6 7 8 10 12 14 | 14.0
Fighting       | 5 9 10 12 | 12.8
Armour         | 5 8 10 12 | 12.8
Invocations    | 4 6 |  6.8
Shields        | |  3.0

Action                   |  1- 3 |  4- 6 |  7- 9 | 10-12 | 13-15 || total
-------------------------+-------+-------+-------+-------+-------++-------
Melee: Long sword        |    97 |    92 |       |       |       ||   189
       Falchion          |       |    17 |   264 |   448 |   138 ||   867
       Demon blade       |       |       |       |       |   179 ||   179
Throw: Boomerang         |     3 |     6 |    10 |    22 |    14 ||    55
       Dart              |       |     6 |     6 |    31 |       ||    43
Invok: Ancestor Life: He |       |       |       |     1 |       ||     1
       Recall Ancestor   |       |       |       |     1 |     2 ||     3
Evoke: Wand              |       |       |     2 |       |     2 ||     4
  Use: Potion            |     1 |     1 |     1 |       |     1 ||     4
       Scroll            |       |       |     6 |    20 |     7 ||    33
 Stab: Distracted        |       |       |       |    10 |     4 ||    14
       Confused          |       |       |       |    10 |    11 ||    21
Armor: Scale mail        |    44 |    53 |    74 |       |       ||   171
       Chain mail        |       |       |    18 |   194 |   139 ||   351
Dodge: Dodged            |    52 |    46 |    79 |   101 |    56 ||   334
Block: Buckler           |    20 |    22 |    56 |    81 |    48 ||   227
